 Dungeon Crawl Stone Soup version 0.30-a0-1075-gcd70e7a56d (webtiles) character file.

Game seed: 1982968850072538756

108034 bobo the Alchemist (level 16, -2/174 HPs)
             Began as a Grey Draconian Transmuter on Apr 14, 2023.
             Was a Follower of Uskayaw.
             Slain by an ettin simulacrum (22 damage)
             ... in an ice cave on Apr 15, 2023.
             The game lasted 01:29:32 (24447 turns).

bobo the Alchemist (Grey Draconian Transmuter)     Turns: 24447, Time: 01:29:32

Health: -2/174     AC: 11    Str: 15    XL:     16   Next: 1%
Magic:  4/21       EV: 19    Int: 25    God:    Uskayaw [*.....]
Gold:   852        SH:  0    Dex: 11    Spells: 6/29 levels left

rFire   . . .      SeeInvis +      - Unarmed
rCold   + + +      Faith    .    (shield currently unavailable)
rNeg    . . .      Spirit   .    (body armour unavailable)
rPois   +          Reflect  .    K - melded +2 hat {Will+}
rElec   +          Rampage  .    a - melded +2 cloak
rCorr   .                        n - melded +0 pair of gloves
Will    ++...                    x - melded +2 pair of boots
Stlth   +++                      i - amulet of regeneration
HPRegen 1.29/turn                E - ring of Vehumet's Hope {rF+ Will+ SInv Stlth+}
MPRegen 0.17/turn                Q - ring of Olaewk {rElec EV+5 Int+5}

@: ice-form, wereblooded, studying Dodging
A: freezing attack, boosted hp, AC +14, amphibious, large, unfitting armour,
(cold-blooded), low MP 2, sense surroundings 1, MP-powered wands
a: End Transformation, Renounce Religion, Stomp


You were in an ice cave.
You worshipped Uskayaw.
Uskayaw was pleased with you.
You were a creature of crystalline ice.
You visited 5 branches of the dungeon, and saw 22 of its levels.
You also visited: Ice Cave.

You collected 2124 gold pieces.
You spent 1272 gold pieces at shops.

Inventory:

Missiles
 d - 2 throwing nets
Armour
 a - a +2 cloak (melded)
 n - a +0 pair of gloves (melded)
 x - a +2 pair of boots (melded)
 K - a +2 hat of willpower (melded)
Jewellery
 i - an amulet of regeneration (around neck)
 B - a ring of positive energy
 E - the ring of Vehumet's Hope (left front paw) {rF+ Will+ SInv Stlth+}
   (You acquired it on level 1 of the Lair of Beasts)

   [ring of see invisible]

   rF:        It protects you from fire.
   SInv:      It lets you see invisible.
   Will:      It increases your willpower.
   Stlth:     It makes you more stealthy.
 Q - the ring of Olaewk (right front paw) {rElec EV+5 Int+5}
   (You bought it in a shop on level 2 of the Orcish Mines)

   [ring of evasion]

   EV:        It affects your evasion (+5).
   Int:       It affects your intelligence (+5).
   rElec:     It insulates you from electricity.
Wands
 g - a wand of charming (9)
 l - a wand of polymorph (11)
 t - a wand of flame (38) (quivered)
 z - a wand of digging (6)
 D - a wand of quicksilver (11)
 H - a wand of iceblast (23)
Scrolls
 b - 11 scrolls of identify
 c - 2 scrolls of enchant armour
 e - 3 scrolls of fog
 f - a scroll of butterflies
 h - 5 scrolls of vulnerability
 j - a scroll of poison
 q - 5 scrolls of blinking
 y - a scroll of magic mapping
 F - 10 scrolls of teleportation
 G - 2 scrolls of amnesia
Potions
 m - 2 potions of mutation
 o - 8 potions of flight
 p - 2 potions of cancellation
 r - 4 potions of lignification
 s - 2 potions of berserk rage
 w - 6 potions of might
 A - 8 potions of haste
 C - 4 potions of brilliance
 I - a potion of curing
 O - 3 potions of attraction
 P - 3 potions of resistance
Miscellaneous
 k - a lightning rod (4/4)
 J - a phial of floods
 M - a phantom mirror


   Skills:
 + Level 13.9 Fighting
 + Level 13.5 Dodging
 + Level 3.7 Stealth
 + Level 13.1 Unarmed Combat
 - Level 7.0 Spellcasting
 - Level 15.2 Transmutations
 - Level 4.0 Ice Magic
 - Level 4.0 Earth Magic
 + Level 13.4 Invocations


You had 6 spell levels left.
You knew the following spells:

 Your Spells              Type           Power      Damage    Failure   Level
a - Beastly Appendage     Tmut           100%       N/A       0%          1
d - Ice Form              Ice/Tmut       54%        N/A       1%          4
p - Petrify               Tmut/Erth      54%        N/A       1%          4
q - Dragon Form           Tmut           35%        N/A       11%         7
x - Blade Hands           Tmut           35%        N/A       1%          5
z - Wereblood             Tmut           71%        N/A       1%          2

Your spell library contained the following spells:

 Spells                   Type           Power      Damage    Failure   Level
 Spider Form              Tmut/Pois      46%        N/A       1%          3
 Ensorcelled Hibernation  Hex/Ice        36%        N/A       4%          2
 Apportation              Tloc           16%        N/A       7%          1
 Necrotise                Necr           32%        1d5       7%          1
 Slow                     Hex            32%        N/A       7%          1
 Summon Small Mammal      Summ           32%        N/A       7%          1
 Hailstorm                Conj/Ice       18%        3d6       9%          3
 Irradiate                Conj/Tmut      23%        3d19      9%          5
 Sublimation of Blood     Necr           8%         N/A       10%         2
 Confusing Touch          Hex            8%         N/A       21%         3
 Portal Projectile        Hex/Tloc       16%        N/A       21%         3
 Tukima's Dance           Hex            8%         N/A       21%         3
 Vampiric Draining        Necr           8%         2d6       21%         3
 Anguish                  Hex/Necr       4%         N/A       54%         4
 Cause Fear               Hex            4%         N/A       54%         4
 Simulacrum               Ice/Necr       9%         N/A       99%         6
 Dragon's Call            Summ           4%         N/A       100%        9


Dungeon Overview and Level Annotations

Branches:
Dungeon (10/15)            Temple (0/1) D:7            Lair (5/5) D:10
 Shoals (1/4) Lair:2       Spider (4/4) Lair:2        Slime (0/5) Lair:5
    Orc (2/2) D:10            Elf (0/3) Orc:2         IceCv (1/1)

Altars:
Ashenzari
Nemelex Xobeh
Okawaru
Qazlal
Sif Muna
Trog
Uskayaw
Vehumet
Xom
Jiyva
Lugonu

Shops:
D:1 =:(   Orc:2 *???

Portals:
Abyss: Lair:5

Annotations:
D:3 2 transporters, Newt's ghost, amateur KoHu
Spider:4 exclusion: 3 doors


Innate Abilities, Weirdness & Mutations

You are a creature of crystalline ice.
You have a powerful freezing melee attack.
Your maximum health is increased.
Your armour is entirely melded.
You are incapable of wielding weapons or throwing items.
((Your dull iron-grey scales are very hard. (AC +14)))
You are amphibious.
You cannot fit into any form of body armour.
((You are cold-blooded and may be slowed by cold attacks.))
Your magical capacity is very low. (-20% MP)
You passively map a small area around you.
You expend magic power (3 MP) to strengthen your wands.


Message History

The caustic shrike simulacrum freezes you!
You resist.
You pummel the caustic shrike simulacrum!!
The caustic shrike simulacrum vaporises!
You feel a bit better.
The caustic shrike simulacrum claws you!
* * * LOW HITPOINT WARNING * * *
The caustic shrike simulacrum freezes you.
You resist.
* * * LOW HITPOINT WARNING * * *
The anaconda simulacrum barely misses you.
The anaconda simulacrum constricts you.
A golden dragon simulacrum comes into view. x2
You can now pass through a line of other dancers.
Okay, then.
Unknown command.
Okay, then.
Unknown command.
Aiming: Line Pass
Press: ? - help, Dir - move target The anaconda simulacrum appears confused. x2
The lindwurm simulacrum appears confused.
The anaconda simulacrum loses its grip on you.
Found five items.
You can no longer pass through a line of other dancers.
The anaconda simulacrum bites the lindwurm simulacrum but does no damage.
The anaconda simulacrum bites the anaconda simulacrum!
The anaconda simulacrum freezes the anaconda simulacrum.
The anaconda simulacrum completely resists.
The anaconda simulacrum bites the ettin simulacrum!
The anaconda simulacrum freezes the ettin simulacrum.
The ettin simulacrum completely resists.
The anaconda simulacrum bites the anaconda simulacrum but does no damage.
The anaconda simulacrum closely misses itself.
The ettin simulacrum hits you!
* * * LOW HITPOINT WARNING * * *
The ettin simulacrum freezes you. You resist.
* * * LOW HITPOINT WARNING * * *
The ettin simulacrum hits you!!
You die...

###### ####### *
,#[)$..## ##.....#
, ,
,#$.....###......#
.#.....Z.#Z......#
.....Z..ZZZ.∩..∩.#
, ,
#...Z.YZ#.......#
** ,
#:.....###......#
, ,#?$[..##
##.....# *
**######* #######


You could see 2 anaconda simulacra, a lindwurm simulacrum (confused), 2 golden
dragon simulacra, 2 ettin simulacra and a caustic shrike simulacrum.

Vanquished Creatures
  Agnes (Spider:4)
  2 emperor scorpions
  3 ghost moths
  2 broodmothers (Spider:2)
  3 spark wasps
  An entropy weaver (Spider:1)
  3 hydras
  A caustic shrike simulacrum (IceCv)
  2 jorogumos
  2 boulder beetles (Spider:2)
  2 centaur warriors
  3 death yaks (Lair:4)
  3 thrashing horrors (Lair:5)
  2 pharaoh ants
  A fire crab (Lair:3)
  A sun moth (Spider:1)
  2 spriggan simulacra (Shoals:1)
  6 orb spiders
  Pikel (D:4)
  A sea snake (Shoals:1)
  An orb spider (shapeshifter) (D:9)
  3 steelbarb worms
  11 wolf spiders
  A deep elf pyromancer (D:9)
  9 orc sorcerers
  An oklob plant (Lair:5)
  4 fauns (Shoals:1)
  3 cyclopes
  13 elephants
  4 manticores
  3 moths of wrath
  2 ugly things (Lair:5)
  A salamander (shapeshifter) (Lair:5)
  2 merfolk sirens (Lair:2)
  2 smoke demons (Lair:5)
  A demonic crawler (Spider:2)
  7 black mambas
  3 torpor snails
  An unseen horror (D:10)
  A gargoyle (D:10)
  An unseen horror (shapeshifter) (D:9)
  An efreet (D:9)
  13 cane toads
  2 rime drakes
  10 komodo dragons
  2 trolls
  2 ancient zymes (Lair:5)
  4 merfolk
  10 tarantellas
  A polar bear (Lair:1)
  12 meliai
  Grinder (D:6)
  14 hornets
  A blink frog (shapeshifter) (D:9)
  18 blink frogs
  A snapping turtle (Shoals:1)
  9 dream sheep
  12 culicivoras
  26 jumping spiders
  2 spriggans (shapeshifter) (Lair:5)
  3 wraiths (D:9)
  2 dire elephant simulacra (Shoals:1)
  6 wyverns
  A ynoxinul (Lair:5)
  8 basilisks
  4 large abominations (Lair:5)
  The ghost of jimonade the Grasshopper, an amateur GnWr (D:4)
  39 yaks
  5 vampire mosquitoes
  A minotaur simulacrum (Shoals:1)
  34 redbacks
  A steam dragon (D:8)
  4 wargs (Orc:2)
  A harpy simulacrum (Shoals:1)
  21 water moccasins
  A floating eye (Lair:5)
  Duvessa (D:7)
  14 orc warriors
  7 sky beasts
  9 black bears
  An alligator simulacrum (Shoals:1)
  14 wolves
  9 centaurs
  3 ogres
  4 phantoms
  2 lemures
  3 kobold brigands
  A gnoll sergeant (D:9)
  7 bullfrogs
  4 scorpions
  A deep troll simulacrum (Shoals:1)
  8 small abominations (Lair:5)
  5 wights
  10 killer bees
  Dowan (D:7)
  2 howler monkeys (D:6)
  A lava snake (D:7)
  14 orc priests
  A hound (D:5)
  5 jellies
  3 sleepcaps
  2 gnoll boudas
  Jessica (D:3)
  6 iguanas
  Terence (D:3)
  42 orc wizards
  Robin (D:1)
  28 gnolls
  22 adders
  2 shadow imps
  An ufetubus (D:5)
  7 worms
  5 dart slugs
  80 orcs
  6 endoplasms
  4 giant cockroaches
  12 hobgoblins
  4 jackals (D:3)
  4 quokkas
  10 ball pythons
  10 bats
  5 frilled lizards
  13 goblins
  15 kobolds
  3 rats
  A plant (Shoals:1)
804 creatures vanquished.

Vanquished Creatures (collateral kills)
  A killer bee (D:10)
1 creature vanquished.

Vanquished Creatures (others)
  A culicivora (Spider:2)
  An orc wizard (Orc:2)
  An orc (Orc:1)
  25 fungi
  22 plants
50 creatures vanquished.

Grand Total: 855 creatures vanquished

Notes
Turn   | Place    | Note
-------+----------+-------------------------------------------
     0 | D:1      | bobo the Draconian Transmuter began the quest for the Orb.
     0 | D:1      | Reached XP level 1. HP: 16/16 MP: 3/3
   102 | D:1      | Reached XP level 2. HP: 23/23 MP: 3/5
   147 | D:1      | Found Nablenn's Book Shoppe.
   302 | D:1      | Found Ujipah's Antique Weapon Boutique.
   396 | D:1      | Reached XP level 3. HP: 28/29 MP: 4/6
   516 | D:1      | Found Ypsyzem's Jewellery Shoppe.
   833 | D:1      | Learned a level 2 spell: Wereblood
   922 | D:2      | Found a sparkling altar of Nemelex Xobeh.
  1136 | D:2      | Reached XP level 4. HP: 36/36 MP: 3/7
  1141 | D:2      | Learned a level 4 spell: Ice Form
  1175 | D:2      | Noticed Robin
  1205 | D:1      | Killed Robin
  1416 | D:2      | Reached XP level 5. HP: 24/42 MP: 9/9
  1805 | D:3      | Found a transporter.
  1822 | D:3      | Reached skill level 3 in Transmutations
  1863 | D:3      | Found a broken altar of Ashenzari.
  1996 | D:3      | Noticed Jessica
  2000 | D:3      | Killed Jessica
  2065 | D:3      | Found a transporter.
  2069 | D:3      | Noticed Newt's ghost (amateur KoHu)
  2230 | D:3      | Noticed Terence
  2234 | D:3      | Gained mutation: You passively map a small area around you.
                  | [potion of mutation]
  2234 | D:3      | Gained mutation: Your magical capacity is low. (-10% MP)
                  | [potion of mutation]
  2234 | D:3      | Gained mutation: Your magical capacity is very low. (-20%
                  | MP) [potion of mutation]
  2243 | D:3      | Killed Terence
  2294 | D:3      | Reached XP level 6. HP: 20/50 MP: 8/8
  2457 | D:4      | Found a runed translucent gate.
  2457 | D:4      | Found a runed translucent gate.
  2458 | D:4      | Noticed jimonade's ghost (amateur GnWr)
  2609 | D:4      | Reached skill level 1 in Ice Magic
  2654 | D:4      | Found a stormy altar of Qazlal.
  2657 | D:4      | Found a hide-covered altar of Uskayaw.
  2657 | D:4      | Found a shimmering altar of Xom.
  2657 | D:4      | Noticed Pikel
  2727 | D:4      | Found a shimmering blue altar of Sif Muna.
  2738 | D:4      | Your scales start taking on a dull iron-grey colour.
  2738 | D:4      | Reached XP level 7. HP: 38/57 MP: 8/9
  2743 | D:4      | Became a worshipper of Uskayaw the Reveller
  2851 | D:4      | Reached * piety under Uskayaw
  2854 | D:4      | Reached ** piety under Uskayaw
  3288 | D:4      | Found a radiant altar of Vehumet.
  3291 | D:4      | Found a sparkling altar of Nemelex Xobeh.
  3333 | D:4      | Killed Pikel
  3334 | D:4      | Reached skill level 4 in Transmutations
  3334 | D:4      | Reached XP level 8. HP: 37/66 MP: 9/11
  3616 | D:4      | Found a runed translucent gate.
  3657 | D:4      | Reached skill level 5 in Unarmed Combat
  3661 | D:4      | Reached *** piety under Uskayaw
  3698 | D:4      | Killed jimonade's ghost
  3804 | D:5      | Entered Level 5 of the Dungeon
  4495 | D:5      | Learned a level 4 spell: Petrify
  4513 | D:5      | Reached **** piety under Uskayaw
  4519 | D:5      | Reached ***** piety under Uskayaw
  4627 | D:5      | Reached skill level 5 in Fighting
  5134 | D:6      | Reached XP level 9. HP: 74/74 MP: 8/12
  5159 | D:6      | Noticed Grinder
  5160 | D:6      | Paralysed by Grinder for 3 turns
  5165 | D:6      | Reached skill level 5 in Transmutations
  5187 | D:6      | Reached ****** piety under Uskayaw
  5193 | D:6      | Killed Grinder
  5267 | D:6      | Reached skill level 5 in Spellcasting
  5617 | D:6      | Noticed a manticore
  5711 | D:7      | Reached skill level 5 in Dodging
  5723 | D:7      | Identified the +9 great sword of Tender Mercy {flame,
                  | Stlth+}
  5899 | D:7      | Noticed Dowan
  5900 | D:7      | Noticed Duvessa
  5907 | D:7      | Reached skill level 1 in Earth Magic
  5918 | D:7      | Killed Duvessa
  5923 | D:7      | Killed Dowan
  6456 | D:7      | Found a staircase to the Ecumenical Temple.
  6549 | D:7      | Reached XP level 10. HP: 83/83 MP: 5/14
  6950 | D:8      | Reached skill level 6 in Transmutations
  6950 | D:8      | Reached skill level 5 in Invocations
  7695 | D:8      | Learned a level 5 spell: Blade Hands
  8106 | D:9      | Found an iron altar of Okawaru.
  8172 | D:9      | Noticed a cyclops
  8176 | D:9      | Killed a cyclops
  8367 | D:9      | Noticed a centaur warrior
  8376 | D:9      | Killed a centaur warrior
  8596 | D:9      | Noticed a deep elf pyromancer
  8635 | D:9      | Killed a deep elf pyromancer
  8649 | D:9      | Reached XP level 11. HP: 82/92 MP: 5/16
  8804 | D:9      | Reached skill level 7 in Transmutations
  9467 | D:9      | Noticed an orb spider
  9490 | D:9      | Killed an orb spider
  9496 | D:9      | Paralysed by a hornet for 3 turns
  9643 | D:10     | Entered Level 10 of the Dungeon
  9646 | D:10     | Found a staircase to the Orcish Mines.
  9662 | D:10     | Found a bloodstained altar of Trog.
 10534 | D:10     | Found a staircase to the Lair.
 10767 | D:10     | Reached skill level 8 in Transmutations
 11074 | D:1      | Bought a book of the Dragon for 598 gold pieces
 11082 | D:1      | Learned a level 7 spell: Dragon Form
 11562 | Lair:1   | Entered Level 1 of the Lair of Beasts
 11594 | Lair:1   | Reached XP level 12. HP: 103/103 MP: 3/18
 11895 | Lair:1   | Reached skill level 9 in Transmutations
 12632 | Lair:1   | Identified 2 scrolls of acquirement
 12633 | Lair:1   | Acquired a +1 hat of willpower
 12640 | Lair:1   | Acquired the ring of Vehumet's Hope {rF+ Will+ SInv Stlth+}
 12908 | Lair:2   | Reached skill level 10 in Transmutations
 12967 | Lair:2   | Noticed an eight-headed hydra
 12974 | Lair:2   | Killed an eight-headed hydra
 12999 | Lair:2   | Reached skill level 10 in Fighting
 13353 | Lair:2   | Reached XP level 13. HP: 93/113 MP: 3/18
 13491 | Lair:2   | Found a hole to the Spider Nest.
 13672 | Lair:2   | Found a staircase to the Shoals.
 13691 | Lair:2   | Reached skill level 11 in Transmutations
 13734 | Lair:2   | Reached skill level 10 in Unarmed Combat
 14466 | Lair:3   | Reached skill level 10 in Invocations
 15543 | Lair:4   | Reached skill level 12 in Transmutations
 16183 | Lair:5   | Entered Level 5 of the Lair of Beasts
 16428 | Lair:5   | Found a viscous altar of Jiyva.
 16428 | Lair:5   | Found a staircase to the Slime Pits.
 16686 | Lair:5   | Reached XP level 14. HP: 124/124 MP: 12/19
 16854 | Lair:5   | Noticed Nessos
 16857 | Lair:5   | Nessos changed into Nessos the floating eye
 16857 | Lair:5   | Noticed Nessos
 16865 | Lair:5   | Killed Nessos the floating eye
 16955 | Lair:5   | Reached skill level 10 in Dodging
 17013 | Lair:5   | Reached skill level 13 in Transmutations
 17199 | Lair:5   | Gained mutation: You expend magic power (3 MP) to
                  | strengthen your wands. [mutagenic glow]
 17351 | Lair:5   | Found a corrupted altar of Lugonu.
 17351 | Lair:5   | Found a one-way gate to the infinite horrors of the Abyss.
 18067 | Orc:1    | Entered Level 1 of the Orcish Mines
 18489 | Orc:2    | Entered Level 2 of the Orcish Mines
 18818 | Orc:2    | Found Peonitoc's Magic Scroll Emporium.
 18818 | Orc:2    | Found Fesy's Magic Scroll Boutique.
 18839 | Orc:2    | Bought a scroll of teleportation for 45 gold pieces
 18839 | Orc:2    | Bought a scroll of teleportation for 45 gold pieces
 18868 | Orc:2    | Bought a scroll of blinking for 120 gold pieces
 18868 | Orc:2    | Bought a scroll of teleportation for 48 gold pieces
 18935 | Orc:2    | Found Rajeqidosch's Magic Scroll Emporium.
 18935 | Orc:2    | Found Gifieba's Assorted Antiques.
 19050 | Orc:2    | Bought a scroll of blinking for 120 gold pieces
 19050 | Orc:2    | Bought a scroll of teleportation for 48 gold pieces
 19050 | Orc:2    | Bought a scroll of fog for 64 gold pieces
 19059 | Orc:2    | Bought a scroll of teleportation for 69 gold pieces
 19059 | Orc:2    | Bought a bound bronze ring for 115 gold pieces
 19059 | Orc:2    | Identified the ring of Olaewk {rElec EV+5 Int+5} (You
                  | bought it in a shop on level 2 of the Orcish Mines)
 19241 | Orc:2    | Found a staircase to the Elven Halls.
 19666 | Spider:1 | Entered Level 1 of the Spider Nest
 19693 | Spider:1 | Reached skill level 14 in Transmutations
 19856 | Spider:1 | Noticed an emperor scorpion
 19863 | Spider:1 | Killed an emperor scorpion
 20305 | Spider:1 | Noticed a ghost moth
 20311 | Spider:1 | Killed a ghost moth
 20466 | Spider:1 | Reached XP level 15. HP: 134/134 MP: 8/20
 21654 | Spider:2 | Reached skill level 15 in Transmutations
 23386 | Spider:4 | Entered Level 4 of the Spider Nest
 23386 | Spider:4 | Noticed Agnes
 23502 | Spider:4 | Reached skill level 1 in Stealth
 23533 | Spider:4 | Killed Agnes
 23700 | Spider:4 | Identified the ring of Soacs {Ice rN+}
 23705 | Spider:4 | Identified the +1 falchion of Zife {chaos, *Corrode Dex+5}
 24138 | Spider:4 | Noticed an emperor scorpion
 24145 | Spider:4 | Killed an emperor scorpion
 24266 | Shoals:1 | Entered Level 1 of the Shoals
 24337 | Shoals:1 | Found a frozen archway.
 24372 | Shoals:1 | HP: 1/205 [cyclops/large rock (34)]
 24382 | Shoals:1 | Reached XP level 16. HP: 49/145 MP: 3/21
 24440 | IceCv    | Entered an ice cave
 24447 | IceCv    | Slain by an ettin simulacrum

Illustrated notes

Levels and vault maps discovered:
D:1:      dpeg_arrival_lava_temple_mockup, layout_rooms, serial_shops,
          nicolae_square_shop, nicolae_shop_hallway_plus, shop
D:2:      layout_rooms, basic_altar, minmay_unequal, uniq_robin
D:3:      layout_rooms, evilmike_ruin_ashenzari, gammafunk_ghost_stat_death,
          uniq_jessica, uniq_terence
D:4:      layout_rooms, nicolae_overflow_hidden_temple,
          chequers_temple_overflow_statue_of_worship, serial_aquarium,
          aquarium_bridge_straight [aquarium_subvault_bridge,
          aquarium_subvault_balcony, aquarium_subvault_bridge,
          aquarium_subvault_balcony], aquarium_bridge_square
          [aquarium_subvault_bridge, aquarium_subvault_balcony,
          aquarium_subvault_bridge, aquarium_subvault_wall], aquarium_window_1,
          aquarium_window_1, aquarium_view_2e, aquarium_balcony_5a,
          aquarium_pool_2, gammafunk_ghost_nasty_kobolds, minmay_snake_closets,
          uniq_pikel
D:5:      minmay_opposing_rooms, layout_loops_ring
D:6:      layout_cave_pools, kennysheep_another_room,
          minmay_manual_mandibuliform, uniq_grinder
D:7:      layout_loops_ring, temple_fountains, kennysheep_flooded_box,
          uniq_duvessa
D:8:      layout_layer_cave
D:9:      layout_stronghold, mainiacjoe_overflow_small_starburst,
          nicolae_rejected_hall
D:10:     layout_basic, trog_hazing_becter, minmay_lair_entry_grove,
          minmay_orc_entry_temple_small, amcnicky_mini_rare_corridor_liquid,
          minmay_fractal_squares_gapless_5
Lair:1:   layout_roguey, grunt_megastairs_4
Lair:2:   layout_gridlike, elwin_shoals_entry_stream,
          nicolae_spider_entry_tight_spaces, grunt_megastairs_3
Lair:3:   nzn_winding_woodlands_medium [nzn_winding_woodlands_5x5_default,
          nzn_winding_woodlands_5x15_pockets, nzn_winding_woodlands_hourglass,
          nzn_winding_woodlands_5x5_closed_star,
          nzn_winding_woodlands_center_lodge, nzn_winding_woodlands_5x5_cross,
          nzn_winding_woodlands_5x5_three, nzn_winding_woodlands_5x15_garden,
          nzn_winding_woodlands_5x5_default], layout_cave_pods
Lair:4:   layout_hall_layers, minmay_holes
Lair:5:   hellmonk_lair_end_abyssal_woods, layout_hall_layers,
          nicolae_slime_entry_field_trip, uniq_nessos
Shoals:1: layout_shoals, portal_ice_cave_entry_ice_simulacra
Spider:1: layout_spider_delve, nicolae_spider_moth_buddies,
          hangedman_spider_tarantella_strand
Spider:2: layout_cave_pods
Spider:3: layout_chambers
Spider:4: spider_rune_water, hive_lemuel, uniq_agnes
Orc:1:    layout_caves, uniq_jorgrun
Orc:2:    st_orc_town, layout_diamond_mine, minmay_orc_keep
IceCv:    ice_cave_statue_garden_chambered

Skill      XL: |  1  2  3  4  5  6  7  8  9 10 11 12 13 14 15 |
---------------+----------------------------------------------+-----
Dodging        | 2 3 4 5 6 7 8 9 11 13 | 13.5
Fighting       | 2 3 4 5 6 7 8 10 11 12 13 | 13.9
Transmutations | 3 4 5 6 8 10 12 14 15 | 15.2
Spellcasting   | 3 4 5 6 7 |  7.0
Unarmed Combat | 4 5 6 7 8 9 11 12 13 | 13.1
Ice Magic      | 1 2 3 4 |  4.0
Invocations    | 2 3 4 6 8 9 10 12 13 | 13.4
Earth Magic    | 2 4 |  4.0
Stealth        | 3 |  3.7

Action                     |  1- 3 |  4- 6 |  7- 9 | 10-12 | 13-15 | 16-18 || total
---------------------------+-------+-------+-------+-------+-------+-------++-------
  Melee: Unarmed           |   101 |   206 |   321 |   439 |   763 |     3 ||  1833
         Kick              |    19 |    49 |    23 |     2 |       |       ||    93
         Headbutt          |    11 |    31 |    13 |       |       |       ||    55
         Tailslap          |     3 |    23 |     9 |    68 |   115 |       ||   218
         Punch             |     1 |     2 |     6 |    19 |    48 |       ||    76
         Bite              |       |       |       |       |    37 |       ||    37
  Throw: Throwing net      |       |       |       |     1 |       |       ||     1
   Cast: Beastly Appendage |    23 |    30 |    16 |     1 |       |       ||    70
         Wereblood         |     1 |     5 |     8 |    17 |    20 |     1 ||    52
         Ice Form          |       |       |    27 |    13 |     3 |     1 ||    44
         Petrify           |       |       |     1 |       |       |       ||     1
         Blade Hands       |       |       |       |    40 |    33 |       ||    73
         Dragon Form       |       |       |       |       |    49 |       ||    49
 Invoke: Line Pass         |       |       |     2 |    13 |     8 |     1 ||    24
         Stomp             |       |       |     2 |    23 |    17 |       ||    42
         Grand Finale      |       |       |     1 |       |     2 |       ||     3
Ability: End Transformatio |       |       |     3 |     3 |     3 |     1 ||    10
  Evoke: Wand              |       |       |     1 |     2 |    13 |       ||    16
    Use: Potion            |     1 |     3 |     1 |     3 |     6 |       ||    14
         Scroll            |       |     9 |    11 |     9 |     8 |       ||    37
   Stab: Paralysed         |       |       |     6 |    38 |    76 |       ||   120
         Confused          |       |       |     1 |     3 |     2 |       ||     6
         Sleeping          |       |       |       |       |     2 |       ||     2
         Invisible         |       |       |       |       |     1 |       ||     1
 Armour: Skin              |    29 |    82 |   123 |   242 |   404 |     1 ||   881
  Dodge: Dodged            |    68 |   162 |   173 |   324 |   564 |     3 ||  1294

Table legend: (Time is in decaauts)
 A = Elapsed time spent in this place.
 B = Non-inter-level travel time spent in this place.
 C = Inter-level travel time spent in this place.
 D = Time resting spent in this place.
 E = Time spent auto-exploring this place.
 F = Levels seen in this place.
 G = Mean time per level.
                   A        B        C        D        E       F      G
               +--------+--------+--------+--------+--------+-----+--------+
         Total |  24225 |  22832 |   1393 |   1033 |  17176 |  23 | 1053.3 |
       Dungeon |  11645 |  10811 |    834 |    580 |   7946 |  10 | 1164.5 |
          Lair |   6430 |   6107 |    323 |    334 |   4680 |   5 | 1286.0 |
        Shoals |    163 |    163 |      0 |     44 |      0 |   1 |  163.0 |
   Spider Nest |   4533 |   4337 |    196 |     75 |   3495 |   4 | 1133.2 |
  Orcish Mines |   1447 |   1409 |     38 |      0 |   1055 |   2 |  723.5 |
      Ice Cave |      6 |      6 |      0 |      0 |      0 |   1 |    6.0 |
               +--------+--------+--------+--------+--------+-----+--------+

Top non-repeatable levels by time:
     D:9: 1747 daAuts
  Lair:5: 1629 daAuts
    D:10: 1393 daAuts
  Lair:3: 1388 daAuts
Spider:1: 1385 daAuts
  Lair:1: 1365 daAuts
Spider:3: 1332 daAuts
     D:4: 1315 daAuts
  Lair:2: 1295 daAuts
     D:5: 1262 daAuts
     D:8: 1191 daAuts
Spider:2: 1174 daAuts
     D:7: 1136 daAuts
   Orc:2: 1022 daAuts
     D:1: 996 daAuts
